Canadiens vs Lightning
Created - March 19, 2023 at 10:45
Goals
|
| Canadiens |
0 |
1 |
0 |
1 |
| Lightning |
2 |
3 |
3 |
8 |
|
Shots
|
| Canadiens |
12 |
12 |
14 |
38 |
| Lightning |
7 |
10 |
10 |
27 |
|
1st period
1. Lightning , Mark Scheifele 32 (Tyler Kennedy 17) at 15:39 (PP)
2. Lightning , Kasperi Kapanen 20 (Patrice Bergeron 6, Max Pacioretty 24) at 16:38
Penalties :
Corban Knight (Mon) for Hooking (Minor) at 14:24, Philip Larsen (Mon) for Hooking (Minor) at 19:56
2nd period
3. Lightning , Mark Scheifele 33 (John Carlson 34, Max Pacioretty 25) at 0:19 (PP)
4. Lightning , Yanni Gourde 21 (Jesper Fast 9, Jimmy Vesey 10) at 1:27
5. Canadiens , Mika Zibanejad 27 (Chris Kreider 38, Allen York) at 2:21 (PP)
6. Lightning , Mark Scheifele 34 (Max Pacioretty 26) at 3:37 (PP)
Penalties :
Tyler Kennedy (T.B) for Hooking (Minor) at 1:51, Jordan Szwarz (Mon) for Hooking (Minor) at 3:15, Bobby Ryan (Mon) for Tripping (Minor) at 10:38, Yanni Gourde (T.B) for Holding (Minor) at 13:05, Michael Kostka (T.B) for Slashing (Minor) at 19:22
3rd period
7. Lightning , Mark Scheifele 35 (Victor Hedman 14, Michael Kostka 10) at 12:05
8. Lightning , Max Pacioretty 22 (Mark Scheifele 46, Tyler Kennedy 18) at 16:14 (PP)
9. Lightning , Max Pacioretty 23 (Mark Scheifele 47) at 18:36
Penalties :
Corban Knight (Mon) for Delaying the game (Minor) at 16:04
Goalie Stats
Allen York (Mon), 14 saves from 18 shots - (0.778), 38:33 minutes
Robin Lehner (Mon), 5 saves from 9 shots - (0.556), L, 19-20-6, 21:27 minutes
Jimmy Howard (T.B), 37 saves from 38 shots - (0.974), W, 6-4-1, 60:00 minutes
Players Stats for Canadiens
Player Name G A P +/- PIM S H SB GA TA FO MP PP MP PK MP
------------------------------------------------------------------------------------
Bobby Ryan 0 0 0 -1 2 2 0 0 1 0 1/1 19:31 2:55 0:00
Brandon Bollig 0 0 0 0 0 6 1 2 1 1 0/1 10:52 0:00 2:03
Brian Dumoulin 0 0 0 -1 0 0 1 0 0 0 0/0 13:31 1:14 0:00
Cam Fowler 0 0 0 -1 0 3 1 0 0 0 0/0 29:17 3:14 2:00
Chris Kreider 0 1 1 -1 0 4 1 0 1 2 0/0 19:56 2:55 0:06
Corban Knight 0 0 0 0 4 1 1 0 0 0 4/7 9:52 0:00 1:05
Greg Stewart 0 0 0 -1 0 4 3 0 0 0 0/1 17:30 1:33 0:00
Ian White 0 0 0 -2 0 0 0 0 0 0 0/0 19:07 1:14 2:09
Jean-Gabriel Pageau 0 0 0 -1 0 0 1 0 0 0 14/23 19:24 1:33 1:01
Jordan Szwarz 0 0 0 -2 2 3 1 1 0 0 1/1 11:27 1:33 0:00
Kevin Shattenkirk 0 0 0 -1 0 5 2 2 0 0 0/0 26:49 3:14 0:00
Mark Stuart 0 0 0 -2 0 1 1 0 1 0 0/0 17:50 0:00 2:00
Mattias Tedenby 0 0 0 0 0 0 1 0 1 0 0/0 8:49 0:00 0:00
Mika Zibanejad 1 0 1 -1 0 4 1 0 0 1 11/22 18:39 2:55 0:00
Philip Larsen 0 0 0 -1 2 0 0 1 0 0 0/0 13:25 0:00 2:09
Ryan Kesler 0 0 0 -2 0 0 1 1 1 0 2/6 12:03 0:00 2:03
Scott Hartnell 0 0 0 -2 0 3 1 0 0 0 0/0 12:00 0:00 2:00
Steve Downie 0 0 0 -1 0 2 3 0 0 1 0/0 15:44 0:00 0:00
Players Stats for Lightning
Player Name G A P +/- PIM S H SB GA TA FO MP PP MP PK MP
------------------------------------------------------------------------------------
Alex Killorn 0 0 0 0 0 0 1 0 0 0 0/0 4:58 0:00 0:22
Brendan Lemieux 0 0 0 0 0 0 0 0 0 0 0/0 3:46 0:00 0:12
Brent Seabrook 0 0 0 1 0 1 1 3 2 0 0/0 25:56 3:29 3:07
Jesper Fast 0 1 1 1 0 0 1 0 0 0 0/1 13:19 0:00 0:41
Jimmy Vesey 0 1 1 1 0 0 1 0 0 0 0/0 12:56 0:00 0:00
Jiri Fischer 0 0 0 0 0 0 0 0 0 0 0/0 11:44 0:00 0:22
John Carlson 0 1 1 1 0 2 0 6 1 2 0/0 29:34 3:29 3:07
Kasperi Kapanen 1 0 1 1 0 1 1 0 0 0 0/0 18:19 1:41 0:00
Mark Scheifele 4 2 6 2 0 5 2 1 1 0 16/33 25:38 2:28 3:13
Max Pacioretty 2 3 5 2 0 4 1 0 0 1 0/4 22:04 2:28 0:56
Michael Kostka 0 1 1 3 2 1 0 3 0 0 0/0 18:38 0:40 0:59
Ondrej Palat 0 0 0 1 0 0 1 0 0 0 0/0 18:19 1:41 0:00
Patrice Bergeron 0 1 1 1 0 6 3 1 1 1 10/18 22:05 1:41 3:10
Scott Mayfield 0 0 0 0 0 0 1 0 0 0 0/0 3:58 0:00 0:00
Shayne Gostisbehere 0 0 0 0 0 2 0 0 0 0 0/0 11:02 0:00 0:00
Tyler Kennedy 0 2 2 2 2 4 1 1 0 2 1/2 21:00 2:28 0:00
Victor Hedman 0 1 1 3 0 0 1 1 0 0 0/0 19:14 0:40 1:21
Yanni Gourde 1 0 1 1 2 1 1 0 0 0 2/4 12:59 0:00 0:22
3 Stars
1 - Mark Scheifele (T.B)
2 - Max Pacioretty (T.B)
3 - Jimmy Howard (T.B)
Power Play
Canadiens - 1 on 3 Attempt(s) - 33.33%
Lightning - 4 on 5 Attempt(s) - 80.00%
Penalty Kill
Canadiens - 1 on 5 Attempt(s) - 20.00%
- Score 0 goal in Penalty Kill
Lightning - 2 on 3 Attempt(s) - 66.67%
- Score 0 goal in Penalty Kill
Team Stat
Canadiens - Hits : 20 - Faceoff Wins : 33 - Blocked Shots : 7 - Penalty Minutes : 10
Lightning - Hits : 16 - Faceoff Wins : 29 - Blocked Shots : 16 - Penalty Minutes : 6
Official
Referees : Brandon Blandina and Kendrick Nicholson
Linesman : Brandon Gawryletz and David Brisebois
Game Notes
Allen York enters game at 1:27 of 2nd period
Mark Scheifele has scored a Hat Trick!
Finance
Level 1 -- Attendance: 5672 (94.53%) -- Ticket Income $567,200
Level 2 -- Attendance: 4863 (97.26%) -- Ticket Income $291,780
Level 3 -- Attendance: 1846 (92.30%) -- Ticket Income $64,610
Level 4 -- Attendance: 4000 (100.00%) -- Ticket Income $100,000
Luxury Box -- Attendance: 1000 (100.00%) -- Ticket Income $200,000
Game was played at the Amalie Arena.
Total Attendance: 17381 (96.56%)
Total Ticket Income: $1,223,590
Other Income: $183,538
Total Income: $1,407,128
Canadiens
5 vs 5 Forward
Center Left Wing Right Wing Time % Phy DF OF
1 Jean-Gabriel Pageau Chris Kreider Bobby Ryan 40 0 2 3
2 Mika Zibanejad Greg Stewart Steve Downie 30 0 2 3
3 Ryan Kesler Scott Hartnell Jordan Szwarz 20 0 2 3
4 Corban Knight Brandon Bollig Mattias Tedenby 10 0 2 3
5 vs 5 Defense
Defense Defense Time % Phy DF OF
1 Kevin Shattenkirk Cam Fowler 40 0 2 3
2 Ian White Mark Stuart 30 0 2 3
3 Brian Dumoulin Philip Larsen 20 0 2 3
4 Kevin Shattenkirk Cam Fowler 10 0 2 3
PowerPlay Forward
Center Left Wing Right Wing Time % Phy DF OF
1 Mika Zibanejad Chris Kreider Bobby Ryan 60 0 1 4
2 Jean-Gabriel Pageau Greg Stewart Jordan Szwarz 40 0 1 4
PowerPlay Defense
Defense Defense Time % Phy DF OF
1 Kevin Shattenkirk Cam Fowler 60 0 1 4
2 Ian White Brian Dumoulin 40 0 1 4
Penalty Kill 4 Players Forward
Center Wing Time % Phy DF OF
1 Ryan Kesler Brandon Bollig 50 0 4 1
2 Corban Knight Scott Hartnell 50 0 4 1
Penalty Kill 4 Players Defense
Defense Defense Time % Phy DF OF
1 Mark Stuart Cam Fowler 50 0 4 1
2 Ian White Philip Larsen 50 0 4 1
Penalty Kill - 3 Players Forward
Forward Time % Phy DF OF
1 Jean-Gabriel Pageau 50 0 5 0
2 Corban Knight 50 0 5 0
Penalty Kill - 3 Players Defense
Defense Defense Time % Phy DF OF
1 Mark Stuart Ian White 50 0 5 0
2 Cam Fowler Philip Larsen 50 0 5 0
4 vs 4 Forward
Center Wing Time % Phy DF OF
1 Mika Zibanejad Chris Kreider 50 0 2 3
2 Jean-Gabriel Pageau Bobby Ryan 50 0 2 3
4 vs 4 Defense
Defense Defense Time % Phy DF OF
1 Kevin Shattenkirk Cam Fowler 50 0 2 3
2 Brian Dumoulin Philip Larsen 50 0 2 3
Last Minutes Offensive
Center Left Wing Right Wing Defense Defense
Mika Zibanejad Chris Kreider Bobby Ryan Kevin Shattenkirk Cam Fowler
Last Minutes Defensive
Center Left Wing Right Wing Defense Defense
Jean-Gabriel Pageau Chris Kreider Bobby Ryan Kevin Shattenkirk Cam Fowler
Goaltenders
Starting : Robin Lehner
Backup : Allen York
Extra Forwards
Normal : Chris Kreider, Mika Zibanejad, Jean-Gabriel Pageau - PP : Chris Kreider, Mika Zibanejad - PK : Scott Hartnell
Extra Defensemen
Normal : Kevin Shattenkirk, Cam Fowler, Ian White - PP : Kevin Shattenkirk - PK : Ian White, Mark Stuart
Penalty Shots
Chris Kreider, Jean-Gabriel Pageau, Mika Zibanejad, Scott Hartnell, Bobby Ryan
Scratches
None
Lightning
5 vs 5 Forward
Center Left Wing Right Wing Time % Phy DF OF
1 Mark Scheifele Max Pacioretty Tyler Kennedy 40 1 2 2
2 Patrice Bergeron Ondrej Palat Kasperi Kapanen 30 1 2 2
3 Yanni Gourde Jimmy Vesey Jesper Fast 20 1 2 2
4 Mark Scheifele Brendan Lemieux Patrice Bergeron 10 1 2 2
5 vs 5 Defense
Defense Defense Time % Phy DF OF
1 John Carlson Brent Seabrook 40 1 2 2
2 Michael Kostka Victor Hedman 30 1 2 2
3 Shayne Gostisbehere Jiri Fischer 20 1 2 2
4 Scott Mayfield John Carlson 10 1 2 2
PowerPlay Forward
Center Left Wing Right Wing Time % Phy DF OF
1 Mark Scheifele Max Pacioretty Tyler Kennedy 60 1 2 2
2 Patrice Bergeron Ondrej Palat Kasperi Kapanen 40 1 2 2
PowerPlay Defense
Defense Defense Time % Phy DF OF
1 John Carlson Brent Seabrook 60 1 2 2
2 Michael Kostka Victor Hedman 40 1 2 2
Penalty Kill 4 Players Forward
Center Wing Time % Phy DF OF
1 Mark Scheifele Patrice Bergeron 60 1 2 2
2 Max Pacioretty Yanni Gourde 40 1 2 2
Penalty Kill 4 Players Defense
Defense Defense Time % Phy DF OF
1 John Carlson Brent Seabrook 60 1 2 2
2 Michael Kostka Victor Hedman 40 1 2 2
Penalty Kill - 3 Players Forward
Forward Time % Phy DF OF
1 Mark Scheifele 60 1 2 2
2 Patrice Bergeron 40 1 2 2
Penalty Kill - 3 Players Defense
Defense Defense Time % Phy DF OF
1 John Carlson Brent Seabrook 60 1 2 2
2 Michael Kostka Victor Hedman 40 1 2 2
4 vs 4 Forward
Center Wing Time % Phy DF OF
1 Mark Scheifele Patrice Bergeron 60 1 2 2
2 Max Pacioretty Yanni Gourde 40 1 2 2
4 vs 4 Defense
Defense Defense Time % Phy DF OF
1 John Carlson Brent Seabrook 60 1 2 2
2 Michael Kostka Victor Hedman 40 1 2 2
Last Minutes Offensive
Center Left Wing Right Wing Defense Defense
Mark Scheifele Max Pacioretty Tyler Kennedy John Carlson Brent Seabrook
Last Minutes Defensive
Center Left Wing Right Wing Defense Defense
Mark Scheifele Max Pacioretty Tyler Kennedy John Carlson Brent Seabrook
Goaltenders
Starting : Jimmy Howard
Backup : Alex Nedeljkovic
Extra Forwards
Normal : Alex Killorn, Jimmy Vesey, Jesper Fast - PP : Alex Killorn, Jimmy Vesey - PK : Jesper Fast
Extra Defensemen
Normal : Shayne Gostisbehere, Jiri Fischer, Scott Mayfield - PP : Shayne Gostisbehere - PK : Jiri Fischer, Scott Mayfield
Penalty Shots
Mark Scheifele, Patrice Bergeron, Max Pacioretty, Yanni Gourde, Tyler Kennedy
Scratches
Antoine Vermette (Healthy), Brock Boeser (Healthy), Jonathan Sigalet (Strained Right Knee Injury)
% Time on Ice - Canadiens
Lines # - Real PCT - Wanted PCT - Time Play
Normal Forward
1 - 32% - 40% - 16:14
2 - 32% - 30% - 16:20
3 - 19% - 20% - 10:00
4 - 17% - 10% - 8:49
Normal Defense
1 - 41% - 40% - 21:04
2 - 33% - 30% - 16:45
3 - 21% - 20% - 10:35
4 - 6% - 10% - 2:59
PP Forward
1 - 65% - 60% - 2:55
2 - 35% - 40% - 1:33
PP Defense
1 - 72% - 60% - 3:14
2 - 28% - 40% - 1:14
PK Forward
1 - 49% - 50% - 2:03
2 - 51% - 50% - 2:06
PK Defense
1 - 48% - 50% - 2:00
2 - 52% - 50% - 2:09
PK3 Forward
1 - 0% - 50%
2 - 0% - 50%
PK3 Defense
1 - 0% - 50%
2 - 0% - 50%
44 Forward
1 - 0% - 50%
2 - 0% - 50%
44 Defense
1 - 0% - 50%
2 - 0% - 50%
Last Minute Offensive - 0:00
Last Minute Defensive - 0:00
Total
Forward - 60:00
Defense - 60:00
|
% Time on Ice - Lightning
Lines # - Real PCT - Wanted PCT - Time Play
Normal Forward
1 - 36% - 40% - 18:40
2 - 33% - 30% - 16:45
3 - 24% - 20% - 12:24
4 - 7% - 10% - 3:34
Normal Defense
1 - 37% - 40% - 19:10
2 - 34% - 30% - 17:13
3 - 21% - 20% - 11:02
4 - 8% - 10% - 3:58
PP Forward
1 - 59% - 60% - 2:28
2 - 41% - 40% - 1:41
PP Defense
1 - 84% - 60% - 3:29
2 - 16% - 40% - 0:40
PK Forward
1 - 79% - 60% - 3:32
2 - 21% - 40% - 0:56
PK Defense
1 - 70% - 60% - 3:07
2 - 30% - 40% - 1:21
PK3 Forward
1 - 0% - 60%
2 - 0% - 40%
PK3 Defense
1 - 0% - 60%
2 - 0% - 40%
44 Forward
1 - 0% - 60%
2 - 0% - 40%
44 Defense
1 - 0% - 60%
2 - 0% - 40%
Last Minute Offensive - 0:00
Last Minute Defensive - 0:00
Total
Forward - 60:00
Defense - 60:00
|
Play-by-Play
1st period
0:01 of 1st period - Jean-Gabriel Pageau wins face-off versus Mark Scheifele in neutral zone.
0:10 of 1st period - Snap shot by Chris Kreider.
0:10 of 1st period - Shot Blocked by John Carlson.
1:02 of 1st period - Victor Hedman is hit by Ryan Kesler and loses puck.
1:45 of 1st period - Snap shot by Chris Kreider.
1:45 of 1st period - Stopped by Jimmy Howard without a rebound.
1:46 of 1st period - Mika Zibanejad wins face-off versus Patrice Bergeron in Lightning zone.
1:49 of 1st period - Slapshot by Mika Zibanejad.
1:49 of 1st period - Stopped by Jimmy Howard without a rebound.
1:50 of 1st period - Mika Zibanejad wins face-off versus Mark Scheifele in Lightning zone.
1:51 of 1st period - Wrist shot by Greg Stewart.
1:51 of 1st period - Shot Blocked by Tyler Kennedy.
1:53 of 1st period - Slapshot by Mark Stuart.
1:53 of 1st period - Stopped by Jimmy Howard with a rebound.
1:55 of 1st period - Wrist shot by Steve Downie.
1:55 of 1st period - Stopped by Jimmy Howard without a rebound.
1:56 of 1st period - Mark Scheifele wins face-off versus Mika Zibanejad in Lightning zone.
2:09 of 1st period - Slapshot by Max Pacioretty.
2:09 of 1st period - Shot Misses the Net.
2:49 of 1st period - Snap shot by Greg Stewart.
2:49 of 1st period - Stopped by Jimmy Howard without a rebound.
2:50 of 1st period - Patrice Bergeron wins face-off versus Jean-Gabriel Pageau in Lightning zone.
2:59 of 1st period - Snap shot by Bobby Ryan.
2:59 of 1st period - Shot Misses the Net.
3:41 of 1st period - Snap shot by Jordan Szwarz.
3:41 of 1st period - Shot Misses the Net.
4:03 of 1st period - Slapshot by Bobby Ryan.
4:03 of 1st period - Shot Misses the Net.
5:37 of 1st period - Jimmy Vesey is hit by Greg Stewart and loses puck.
6:48 of 1st period - Wrist shot by Greg Stewart.
6:48 of 1st period - Stopped by Jimmy Howard with a rebound.
7:00 of 1st period - Slapshot by Greg Stewart.
7:00 of 1st period - Shot Misses the Net.
7:49 of 1st period - Philip Larsen is hit by Ondrej Palat and loses puck.
8:02 of 1st period - Wrist shot by Mark Scheifele.
8:02 of 1st period - Shot Blocked by Kevin Shattenkirk.
8:08 of 1st period - Snap shot by Brandon Bollig.
8:08 of 1st period - Shot Blocked by John Carlson.
8:10 of 1st period - Wrist shot by Brandon Bollig.
8:10 of 1st period - Stopped by Jimmy Howard with a rebound.
8:12 of 1st period - Wrist shot by Brandon Bollig.
8:12 of 1st period - Stopped by Jimmy Howard without a rebound.
8:13 of 1st period - Jean-Gabriel Pageau wins face-off versus Jesper Fast in Lightning zone.
8:40 of 1st period - Kevin Shattenkirk is hit by Patrice Bergeron.
10:52 of 1st period - Chris Kreider is hit by Mark Scheifele and loses puck.
12:13 of 1st period - Ondrej Palat is hit by Greg Stewart and loses puck.
12:26 of 1st period - Mark Scheifele is hit by Brian Dumoulin and loses puck.
12:31 of 1st period - Wrist shot by Jordan Szwarz.
12:31 of 1st period - Stopped by Jimmy Howard with a rebound.
12:37 of 1st period - Ian White is hit by Brent Seabrook and loses puck.
13:20 of 1st period - Jiri Fischer is hit by Kevin Shattenkirk and loses puck.
14:24 of 1st period - Minor Penalty to Corban Knight for Hooking.
14:25 of 1st period - Tyler Kennedy wins face-off versus Ryan Kesler in Canadiens zone.
14:37 of 1st period - Slapshot by John Carlson.
14:37 of 1st period - Stopped by Robin Lehner with a rebound.
14:39 of 1st period - Slapshot by Max Pacioretty.
14:39 of 1st period - Deflect By Mark Scheifele.
14:39 of 1st period - Shot Misses the Net.
14:39 of 1st period - Puck is out of play.
14:40 of 1st period - Ryan Kesler wins face-off versus Patrice Bergeron in Canadiens zone.
14:57 of 1st period - Snap shot by Scott Hartnell.
14:57 of 1st period - Shot Blocked by Brent Seabrook.
14:59 of 1st period - Wrist shot by Scott Hartnell.
14:59 of 1st period - Stopped by Jimmy Howard with a rebound.
15:11 of 1st period - Snap shot by Ryan Kesler.
15:11 of 1st period - Shot Blocked by Patrice Bergeron.
15:19 of 1st period - Snap shot by Brandon Bollig.
15:19 of 1st period - Stopped by Jimmy Howard with a rebound.
15:39 of 1st period - Wrist shot by Mark Scheifele.
15:39 of 1st period - Goal by Mark Scheifele - Canadiens : 0 - Lightning : 1.
15:40 of 1st period - Mark Scheifele wins face-off versus Jean-Gabriel Pageau in neutral zone.
16:07 of 1st period - Wrist shot by Jordan Szwarz.
16:07 of 1st period - Stopped by Jimmy Howard with a rebound.
16:36 of 1st period - Snap shot by Patrice Bergeron.
16:36 of 1st period - Stopped by Robin Lehner with a rebound.
16:38 of 1st period - Wrist shot by Kasperi Kapanen.
16:38 of 1st period - Goal by Kasperi Kapanen - Canadiens : 0 - Lightning : 2.
16:39 of 1st period - Patrice Bergeron wins face-off versus Jean-Gabriel Pageau in neutral zone.
16:44 of 1st period - Snap shot by Patrice Bergeron.
16:44 of 1st period - Stopped by Robin Lehner with a rebound.
16:46 of 1st period - Wrist shot by Patrice Bergeron.
16:46 of 1st period - Shot Blocked by Kevin Shattenkirk.
17:17 of 1st period - Snap shot by Greg Stewart.
17:17 of 1st period - Shot Blocked by Brent Seabrook.
18:07 of 1st period - Max Pacioretty is hit by Chris Kreider and loses puck.
18:29 of 1st period - Off-side.
18:30 of 1st period - Patrice Bergeron wins face-off versus Mika Zibanejad in neutral zone.
18:35 of 1st period - Mark Stuart is hit by Kasperi Kapanen and loses puck.
19:33 of 1st period - Snap shot by Mattias Tedenby.
19:33 of 1st period - Shot Misses the Net.
19:35 of 1st period - Backhand shot by Mattias Tedenby.
19:35 of 1st period - Shot Blocked by Michael Kostka.
19:37 of 1st period - Wrist shot by Mattias Tedenby.
19:37 of 1st period - Shot Blocked by Victor Hedman.
19:51 of 1st period - Snap shot by Patrice Bergeron.
19:51 of 1st period - Stopped by Robin Lehner with a rebound.
19:53 of 1st period - Snap shot by Patrice Bergeron.
19:53 of 1st period - Stopped by Robin Lehner without a rebound.
19:54 of 1st period - Mika Zibanejad wins face-off versus Patrice Bergeron in Canadiens zone.
19:56 of 1st period - Minor Penalty to Philip Larsen for Hooking.
19:57 of 1st period - Mark Scheifele wins face-off versus Brandon Bollig in Canadiens zone.
Goals for this period are 0 for Canadiens vs 2 for Lightning.
Shots for this period are 12 for Canadiens vs 7 for Lightning.
2nd period
0:01 of 2nd period - Mark Scheifele wins face-off versus Ryan Kesler in neutral zone.
0:05 of 2nd period - Off-side.
0:06 of 2nd period - Ryan Kesler wins face-off versus Mark Scheifele in neutral zone.
0:19 of 2nd period - Snap shot by Mark Scheifele.
0:19 of 2nd period - Goal by Mark Scheifele - Canadiens : 0 - Lightning : 3.
0:20 of 2nd period - Jean-Gabriel Pageau wins face-off versus Mark Scheifele in neutral zone.
0:35 of 2nd period - Slapshot by Kevin Shattenkirk.
0:35 of 2nd period - Deflect By Max Pacioretty.
0:35 of 2nd period - Stopped by Jimmy Howard without a rebound.
0:36 of 2nd period - Patrice Bergeron wins face-off versus Greg Stewart in Lightning zone.
0:41 of 2nd period - Wrist shot by Greg Stewart.
0:41 of 2nd period - Stopped by Jimmy Howard with a rebound.
0:43 of 2nd period - Wrist shot by Cam Fowler.
0:43 of 2nd period - Stopped by Jimmy Howard with a rebound.
1:25 of 2nd period - Snap shot by Jesper Fast.
1:25 of 2nd period - Shot Misses the Net.
1:27 of 2nd period - Snap shot by Yanni Gourde.
1:27 of 2nd period - Goal by Yanni Gourde - Canadiens : 0 - Lightning : 4.
1:27 of 2nd period - Allen York enters game.
1:28 of 2nd period - Mark Scheifele wins face-off versus Jean-Gabriel Pageau in neutral zone.
1:51 of 2nd period - Minor Penalty to Tyler Kennedy for Hooking.
1:52 of 2nd period - Mark Scheifele wins face-off versus Mika Zibanejad in Lightning zone.
2:01 of 2nd period - Wrist shot by Bobby Ryan.
2:01 of 2nd period - Shot Blocked by John Carlson.
2:21 of 2nd period - Snap shot by Mika Zibanejad.
2:21 of 2nd period - Goal by Mika Zibanejad - Canadiens : 1 - Lightning : 4.
2:22 of 2nd period - Jean-Gabriel Pageau wins face-off versus Mark Scheifele in neutral zone.
3:07 of 2nd period - Snap shot by Mika Zibanejad.
3:07 of 2nd period - Stopped by Jimmy Howard without a rebound.
3:08 of 2nd period - Yanni Gourde wins face-off versus Ryan Kesler in Lightning zone.
3:08 of 2nd period - Yanni Gourde is hit by Jordan Szwarz.
3:15 of 2nd period - Minor Penalty to Jordan Szwarz for Hooking.
3:16 of 2nd period - Corban Knight wins face-off versus Mark Scheifele in Canadiens zone.
3:29 of 2nd period - Wrist shot by Max Pacioretty.
3:29 of 2nd period - Shot Misses the Net.
3:31 of 2nd period - Snap shot by Mark Scheifele.
3:31 of 2nd period - Deflect By Max Pacioretty.
3:31 of 2nd period - Shot Blocked by Brandon Bollig.
3:31 of 2nd period - Puck is out of play.
3:32 of 2nd period - Mark Scheifele wins face-off versus Corban Knight in Canadiens zone.
3:37 of 2nd period - Backhand shot by Mark Scheifele.
3:37 of 2nd period - Goal by Mark Scheifele - Canadiens : 1 - Lightning : 5.
3:38 of 2nd period - Bobby Ryan wins face-off versus Max Pacioretty in neutral zone.
3:54 of 2nd period - Slapshot by Bobby Ryan.
3:54 of 2nd period - Stopped by Jimmy Howard with a rebound.
4:12 of 2nd period - Slapshot by John Carlson.
4:12 of 2nd period - Stopped by Allen York with a rebound.
5:42 of 2nd period - Slapshot by Kasperi Kapanen.
5:42 of 2nd period - Shot Misses the Net.
5:58 of 2nd period - Wrist shot by Scott Hartnell.
5:58 of 2nd period - Stopped by Jimmy Howard with a rebound.
6:34 of 2nd period - Jiri Fischer is hit by Brandon Bollig and loses puck.
7:11 of 2nd period - Patrice Bergeron is hit by Greg Stewart and loses puck.
7:32 of 2nd period - Scott Hartnell is hit by Alex Killorn and loses puck.
8:26 of 2nd period - Snap shot by Corban Knight.
8:26 of 2nd period - Shot Misses the Net.
9:12 of 2nd period - Slapshot by Jordan Szwarz.
9:12 of 2nd period - Stopped by Jimmy Howard with a rebound.
9:56 of 2nd period - Snap shot by Bobby Ryan.
9:56 of 2nd period - Deflect By Chris Kreider.
9:56 of 2nd period - Shot Blocked by John Carlson.
9:56 of 2nd period - Puck is out of play.
9:57 of 2nd period - Mika Zibanejad wins face-off versus Mark Scheifele in Lightning zone.
10:33 of 2nd period - Wrist shot by Jimmy Vesey.
10:33 of 2nd period - Shot Misses the Net.
10:35 of 2nd period - Slapshot by Shayne Gostisbehere.
10:35 of 2nd period - Stopped by Allen York without a rebound.
10:36 of 2nd period - Jean-Gabriel Pageau wins face-off versus Yanni Gourde in Canadiens zone.
10:38 of 2nd period - Minor Penalty to Bobby Ryan for Tripping.
10:39 of 2nd period - Mark Scheifele wins face-off versus Corban Knight in Canadiens zone.
10:39 of 2nd period - Wrist shot by Tyler Kennedy.
10:39 of 2nd period - Stopped by Allen York with a rebound.
10:41 of 2nd period - Wrist shot by Max Pacioretty.
10:41 of 2nd period - Stopped by Allen York without a rebound.
10:42 of 2nd period - Corban Knight wins face-off versus Tyler Kennedy in Canadiens zone.
11:34 of 2nd period - Wrist shot by Mark Scheifele.
11:34 of 2nd period - Shot Misses the Net.
12:38 of 2nd period - Penalty to Bobby Ryan is over, Bobby Ryan is back on ice.
13:05 of 2nd period - Minor Penalty to Yanni Gourde for Holding.
13:06 of 2nd period - Mika Zibanejad wins face-off versus Mark Scheifele in Lightning zone.
14:38 of 2nd period - Ian White is hit by Jesper Fast.
14:44 of 2nd period - Jean-Gabriel Pageau is hit by Max Pacioretty and loses puck.
15:00 of 2nd period - Patrice Bergeron is hit by Jean-Gabriel Pageau and loses puck.
15:05 of 2nd period - Penalty to Yanni Gourde is over, Yanni Gourde is back on ice.
15:11 of 2nd period - Snap shot by Jean-Gabriel Pageau.
15:11 of 2nd period - Deflect By Greg Stewart.
15:11 of 2nd period - Shot Blocked by Mark Scheifele.
15:11 of 2nd period - Puck is out of play.
15:12 of 2nd period - Yanni Gourde wins face-off versus Corban Knight in Lightning zone.
15:12 of 2nd period - Yanni Gourde is hit by Mattias Tedenby.
15:22 of 2nd period - Snap shot by Brandon Bollig.
15:22 of 2nd period - Stopped by Jimmy Howard with a rebound.
15:24 of 2nd period - Slapshot by Mark Stuart.
15:24 of 2nd period - Shot Misses the Net.
15:53 of 2nd period - Ondrej Palat is hit by Mika Zibanejad and loses puck.
16:15 of 2nd period - Wrist shot by Jean-Gabriel Pageau.
16:15 of 2nd period - Deflect By Chris Kreider.
16:15 of 2nd period - Stopped by Jimmy Howard without a rebound.
16:16 of 2nd period - Jean-Gabriel Pageau wins face-off versus Mark Scheifele in Lightning zone.
16:41 of 2nd period - Jesper Fast is hit by Scott Hartnell and loses puck.
17:02 of 2nd period - Slapshot by Brandon Bollig.
17:02 of 2nd period - Stopped by Jimmy Howard without a rebound.
17:03 of 2nd period - Mark Scheifele wins face-off versus Jean-Gabriel Pageau in Lightning zone.
17:03 of 2nd period - Mark Scheifele is hit by Kevin Shattenkirk.
17:27 of 2nd period - Cam Fowler is hit by Yanni Gourde and loses puck.
17:45 of 2nd period - Off-side.
17:46 of 2nd period - Patrice Bergeron wins face-off versus Ryan Kesler in neutral zone.
17:58 of 2nd period - Mark Stuart is hit by Victor Hedman and loses puck.
18:11 of 2nd period - Tyler Kennedy is hit by Mark Stuart and loses puck.
18:18 of 2nd period - Wrist shot by Max Pacioretty.
18:18 of 2nd period - Stopped by Allen York without a rebound.
18:19 of 2nd period - Mark Scheifele wins face-off versus Mika Zibanejad in Canadiens zone.
18:20 of 2nd period - Snap shot by Tyler Kennedy.
18:20 of 2nd period - Stopped by Allen York without a rebound.
18:21 of 2nd period - Mika Zibanejad wins face-off versus Mark Scheifele in Canadiens zone.
18:58 of 2nd period - Wrist shot by Ryan Kesler.
18:58 of 2nd period - Deflect By Jordan Szwarz.
18:58 of 2nd period - Shot Misses the Net.
18:58 of 2nd period - Puck is out of play.
18:59 of 2nd period - Jean-Gabriel Pageau wins face-off versus Patrice Bergeron in Lightning zone.
19:06 of 2nd period - Snap shot by Jean-Gabriel Pageau.
19:06 of 2nd period - Shot Blocked by Michael Kostka.
19:22 of 2nd period - Minor Penalty to Michael Kostka for Slashing.
19:23 of 2nd period - Mika Zibanejad wins face-off versus Mark Scheifele in Lightning zone.
19:26 of 2nd period - Snap shot by Mika Zibanejad.
19:26 of 2nd period - Stopped by Jimmy Howard without a rebound.
19:27 of 2nd period - Mark Scheifele wins face-off versus Mika Zibanejad in Lightning zone.
19:42 of 2nd period - Slapshot by Mark Scheifele.
19:42 of 2nd period - Stopped by Allen York with a rebound.
Goals for this period are 1 for Canadiens vs 3 for Lightning.
Shots for this period are 12 for Canadiens vs 10 for Lightning.
3rd period
0:01 of 3rd period - Mika Zibanejad wins face-off versus Patrice Bergeron in neutral zone.
0:16 of 3rd period - Wrist shot by Chris Kreider.
0:16 of 3rd period - Stopped by Jimmy Howard with a rebound.
0:48 of 3rd period - Snap shot by Chris Kreider.
0:48 of 3rd period - Shot Blocked by John Carlson.
0:54 of 3rd period - Wrist shot by Mark Scheifele.
0:54 of 3rd period - Shot Misses the Net.
1:06 of 3rd period - Wrist shot by Max Pacioretty.
1:06 of 3rd period - Deflect By Yanni Gourde.
1:06 of 3rd period - Shot Misses the Net.
1:06 of 3rd period - Puck is out of play.
1:07 of 3rd period - Jordan Szwarz wins face-off versus Max Pacioretty in Canadiens zone.
1:22 of 3rd period - Penalty to Michael Kostka is over, Michael Kostka is back on ice.
2:01 of 3rd period - Mattias Tedenby is hit by Scott Mayfield and loses puck.
3:11 of 3rd period - Wrist shot by Kasperi Kapanen.
3:11 of 3rd period - Shot Blocked by Ryan Kesler.
3:13 of 3rd period - Slapshot by Michael Kostka.
3:13 of 3rd period - Shot Misses the Net.
3:15 of 3rd period - Slapshot by Victor Hedman.
3:15 of 3rd period - Shot Blocked by Jordan Szwarz.
3:33 of 3rd period - Patrice Bergeron is hit by Steve Downie and loses puck.
4:37 of 3rd period - Snap shot by Jordan Szwarz.
4:37 of 3rd period - Shot Misses the Net.
4:49 of 3rd period - Tyler Kennedy is hit by Steve Downie and loses puck.
7:24 of 3rd period - Shayne Gostisbehere is hit by Cam Fowler and loses puck.
8:15 of 3rd period - Snap shot by Steve Downie.
8:15 of 3rd period - Shot Misses the Net.
8:17 of 3rd period - Slapshot by Ian White.
8:17 of 3rd period - Deflect By Steve Downie.
8:17 of 3rd period - Shot Misses the Net.
8:17 of 3rd period - Puck is out of play.
8:18 of 3rd period - Patrice Bergeron wins face-off versus Mika Zibanejad in Lightning zone.
8:58 of 3rd period - Backhand shot by Kevin Shattenkirk.
8:58 of 3rd period - Stopped by Jimmy Howard without a rebound.
8:59 of 3rd period - Patrice Bergeron wins face-off versus Mika Zibanejad in Lightning zone.
9:03 of 3rd period - Off-side.
9:04 of 3rd period - Mark Scheifele wins face-off versus Jean-Gabriel Pageau in neutral zone.
9:07 of 3rd period - Snap shot by Brent Seabrook.
9:07 of 3rd period - Stopped by Allen York without a rebound.
9:08 of 3rd period - Jean-Gabriel Pageau wins face-off versus Max Pacioretty in Canadiens zone.
9:08 of 3rd period - Jean-Gabriel Pageau is hit by Mark Scheifele.
10:20 of 3rd period - Kasperi Kapanen is hit by Corban Knight.
10:24 of 3rd period - Wrist shot by Mattias Tedenby.
10:24 of 3rd period - Deflect By Brandon Bollig.
10:24 of 3rd period - Shot Misses the Net.
10:24 of 3rd period - Puck is out of play.
10:25 of 3rd period - Corban Knight wins face-off versus Mark Scheifele in Lightning zone.
10:52 of 3rd period - Jiri Fischer is hit by Steve Downie and loses puck.
11:13 of 3rd period - Wrist shot by Chris Kreider.
11:13 of 3rd period - Stopped by Jimmy Howard with a rebound.
11:15 of 3rd period - Snap shot by Cam Fowler.
11:15 of 3rd period - Shot Misses the Net.
11:17 of 3rd period - Wrist shot by Bobby Ryan.
11:17 of 3rd period - Shot Misses the Net.
11:19 of 3rd period - Slapshot by Cam Fowler.
11:19 of 3rd period - Stopped by Jimmy Howard with a rebound.
11:21 of 3rd period - Slapshot by Kevin Shattenkirk.
11:21 of 3rd period - Stopped by Jimmy Howard without a rebound.
11:22 of 3rd period - Mika Zibanejad wins face-off versus Mark Scheifele in Lightning zone.
11:25 of 3rd period - Backhand shot by Mika Zibanejad.
11:25 of 3rd period - Deflect By Steve Downie.
11:25 of 3rd period - Shot Misses the Net.
11:25 of 3rd period - Puck is out of play.
11:26 of 3rd period - Mark Scheifele wins face-off versus Mika Zibanejad in Lightning zone.
12:03 of 3rd period - Snap shot by Mark Scheifele.
12:03 of 3rd period - Shot Blocked by Philip Larsen.
12:05 of 3rd period - Slapshot by Mark Scheifele.
12:05 of 3rd period - Goal by Mark Scheifele - Canadiens : 1 - Lightning : 6.
12:06 of 3rd period - Jean-Gabriel Pageau wins face-off versus Patrice Bergeron in neutral zone.
12:11 of 3rd period - Slapshot by Kevin Shattenkirk.
12:11 of 3rd period - Stopped by Jimmy Howard with a rebound.
12:17 of 3rd period - Slapshot by John Carlson.
12:17 of 3rd period - Deflect By Patrice Bergeron.
12:17 of 3rd period - Shot Misses the Net.
12:17 of 3rd period - Puck is out of play.
12:18 of 3rd period - Mark Scheifele wins face-off versus Jean-Gabriel Pageau in Canadiens zone.
12:21 of 3rd period - Wrist shot by Max Pacioretty.
12:21 of 3rd period - Shot Hit the Post.
12:35 of 3rd period - Wrist shot by Tyler Kennedy.
12:35 of 3rd period - Stopped by Allen York without a rebound.
12:36 of 3rd period - Mika Zibanejad wins face-off versus Patrice Bergeron in Canadiens zone.
12:49 of 3rd period - Wrist shot by Greg Stewart.
12:49 of 3rd period - Shot Blocked by Brent Seabrook.
12:51 of 3rd period - Slapshot by Greg Stewart.
12:51 of 3rd period - Shot Misses the Net.
12:53 of 3rd period - Snap shot by Steve Downie.
12:53 of 3rd period - Stopped by Jimmy Howard with a rebound.
13:23 of 3rd period - Mark Stuart is hit by Jimmy Vesey and loses puck.
13:44 of 3rd period - Wrist shot by Patrice Bergeron.
13:44 of 3rd period - Stopped by Allen York without a rebound.
13:45 of 3rd period - Corban Knight wins face-off versus Patrice Bergeron in Canadiens zone.
13:52 of 3rd period - Snap shot by Ondrej Palat.
13:52 of 3rd period - Shot Blocked by Brandon Bollig.
14:08 of 3rd period - Slapshot by Michael Kostka.
14:08 of 3rd period - Stopped by Allen York without a rebound.
14:09 of 3rd period - Jean-Gabriel Pageau wins face-off versus Mark Scheifele in Canadiens zone.
14:24 of 3rd period - Wrist shot by Shayne Gostisbehere.
14:24 of 3rd period - Stopped by Allen York without a rebound.
14:25 of 3rd period - Patrice Bergeron wins face-off versus Mika Zibanejad in Canadiens zone.
15:04 of 3rd period - Wrist shot by Tyler Kennedy.
15:04 of 3rd period - Stopped by Allen York without a rebound.
15:05 of 3rd period - Mika Zibanejad wins face-off versus Yanni Gourde in Canadiens zone.
15:32 of 3rd period - Ian White is hit by Tyler Kennedy and loses puck.
15:57 of 3rd period - Snap shot by Mattias Tedenby.
15:57 of 3rd period - Shot Blocked by Michael Kostka.
15:59 of 3rd period - Snap shot by Corban Knight.
15:59 of 3rd period - Stopped by Jimmy Howard with a rebound.
16:01 of 3rd period - Slapshot by Corban Knight.
16:01 of 3rd period - Deflect By Brandon Bollig.
16:01 of 3rd period - Stopped by Jimmy Howard with a rebound.
16:03 of 3rd period - Wrist shot by Cam Fowler.
16:03 of 3rd period - Stopped by Jimmy Howard with a rebound.
16:04 of 3rd period - Minor Penalty to Corban Knight for Delaying the game.
16:05 of 3rd period - Mark Scheifele wins face-off versus Jean-Gabriel Pageau in Canadiens zone.
16:14 of 3rd period - Wrist shot by Max Pacioretty.
16:14 of 3rd period - Goal by Max Pacioretty - Canadiens : 1 - Lightning : 7.
16:15 of 3rd period - Jean-Gabriel Pageau wins face-off versus Mark Scheifele in neutral zone.
16:30 of 3rd period - Snap shot by Chris Kreider.
16:30 of 3rd period - Shot Misses the Net.
16:32 of 3rd period - Slapshot by Cam Fowler.
16:32 of 3rd period - Shot Misses the Net.
16:42 of 3rd period - Steve Downie is hit by Patrice Bergeron and loses puck.
17:11 of 3rd period - Slapshot by Kevin Shattenkirk.
17:11 of 3rd period - Shot Misses the Net.
17:13 of 3rd period - Snap shot by Scott Hartnell.
17:13 of 3rd period - Stopped by Jimmy Howard with a rebound.
17:15 of 3rd period - Slapshot by Kevin Shattenkirk.
17:15 of 3rd period - Stopped by Jimmy Howard without a rebound.
17:16 of 3rd period - Jean-Gabriel Pageau wins face-off versus Mark Scheifele in Lightning zone.
17:17 of 3rd period - Wrist shot by Bobby Ryan.
17:17 of 3rd period - Stopped by Jimmy Howard without a rebound.
17:18 of 3rd period - Mark Scheifele wins face-off versus Jean-Gabriel Pageau in Lightning zone.
17:33 of 3rd period - Slapshot by Ian White.
17:33 of 3rd period - Shot Blocked by John Carlson.
17:42 of 3rd period - Icing by Brent Seabrook.
17:43 of 3rd period - Patrice Bergeron wins face-off versus Mika Zibanejad in Lightning zone.
18:20 of 3rd period - Wrist shot by Greg Stewart.
18:20 of 3rd period - Stopped by Jimmy Howard without a rebound.
18:21 of 3rd period - Jean-Gabriel Pageau wins face-off versus Max Pacioretty in Lightning zone.
18:36 of 3rd period - Snap shot by Max Pacioretty.
18:36 of 3rd period - Goal by Max Pacioretty - Canadiens : 1 - Lightning : 8.
18:37 of 3rd period - Jean-Gabriel Pageau wins face-off versus Mark Scheifele in neutral zone.
19:08 of 3rd period - Slapshot by Patrice Bergeron.
19:08 of 3rd period - Stopped by Allen York without a rebound.
19:09 of 3rd period - Patrice Bergeron wins face-off versus Mika Zibanejad in Canadiens zone.
19:55 of 3rd period - Greg Stewart is hit by Patrice Bergeron and loses puck.
Goals for this period are 0 for Canadiens vs 3 for Lightning.
Shots for this period are 14 for Canadiens vs 10 for Lightning.